 Dungeon Crawl Stone Soup version 0.29-a0-330-g52719c12eb (webtiles) character file.

Game seed: 7938284640076259946

248 Crownlay the Digger (level 6, 0/39 (40) HPs)
             Began as an Octopode Earth Elementalist on May 8, 2022.
             Slain by a necrophage (7 damage)
             ... on level 4 of the Dungeon.
             The game lasted 00:07:03 (3814 turns).

Crownlay the Digger (Octopode Earth Elementalist)   Turns: 3814, Time: 00:07:03

HP:   0/39 (40)     AC:  1    Str:  7    XL:     6   Next: 12%
MP:   5/11          EV: 13    Int: 19    God:
Gold: 237           SH:  0    Dex: 13    Spells: 8/12 levels left

rFire   . . .      SeeInvis .   o - +2 dagger (drain)
rCold   . . .      Faith    .   (no shield)
rNeg    . . .      Spirit   .   (helmet restricted)
rPois   .          Reflect  .   (no amulet)
rElec   .          Harm     .   e - ring of willpower
rCorr   .          Rampage  .   c - ring of willpower
Will    ++...                   (no ring)
Stlth   +++.......              (no ring)
HPRegen 0.13/turn               (no ring)
MPRegen 0.12/turn               (no ring)
                                (no ring)
                                (no ring)

@: lightly drained
A: almost no armour, amphibious, 8 rings, camouflage 1, gelatinous body 1,
(nimble swimmer 1), tentacles
a: no special abilities


You were on level 4 of the Dungeon.
You visited 1 branch of the dungeon, and saw 4 of its levels.

You collected 237 gold pieces.

Inventory:

Hand Weapons
 o - a +2 dagger of draining (weapon)
Missiles
 a - 34 stones
Jewellery
 c - a ring of willpower (right tentacle)
 e - a ring of willpower (left tentacle)
Wands
 d - a wand of iceblast (8)
Scrolls
 f - a scroll of fear
 l - 2 scrolls of enchant weapon
 p - a scroll of teleportation
 r - a scroll of amnesia
Potions
 b - a potion of magic
 g - a potion of degeneration {unknown}
 h - a potion of heal wounds {unknown}
 i - 4 potions of curing
 j - a potion of flight {unknown}
 k - a potion of cancellation {unknown}
 m - a potion of might {unknown}
 n - a potion of invisibility {unknown}


   Skills:
 + Level 2.3 Fighting
 - Level 2.0 Dodging
 - Level 2.6 Stealth
 * Level 3.9 Spellcasting
 + Level 2.2 Conjurations
 - Level 1.0 Transmutations
 + Level 3.9 Earth Magic


You had 8 spell levels left.
You knew the following spells:

 Your Spells              Type           Power      Damage    Failure   Level
a - Sandblast             Erth           36%        2d10      2%          1
b - Stone Arrow           Conj/Erth      30%        3d8       12%         3

Your spell library contained the following spells:

 Spells                   Type           Power      Damage    Failure   Level
 Passwall                 Tmut/Erth      10%        N/A       8%          2
 Petrify                  Tmut/Erth      13%        N/A       45%         4


Dungeon Overview and Level Annotations

Branches:
Dungeon (4/15)
 Temple: D:4-7

Altars:
Ashenzari


Innate Abilities, Weirdness & Mutations

You cannot wear most types of armour.
You are amphibious.
You can wear up to eight rings at the same time.
Your skin changes colour to match your surroundings (Stealth+).
Your rubbery body absorbs attacks. (AC +1, EV +1)
((You are camouflaged when in or above water. (Stealth+)))
You have tentacles for arms and can constrict up to eight enemies at once.


Message History

Aim: a necrophage (79% to hit)
The blast of sand hits the necrophage.
The necrophage is lightly damaged.
The necrophage misses you.
Casting: Sandblast (safe; 2% risk of failure)
Confirm with . or Enter, or press ? or * to list all spells.
Aiming: Sandblast (safe; 2% risk of failure)
Press: ? - help, Shift-Dir - straight line, f/p - necrophage
Aim: a necrophage (lightly damaged, 79% to hit)
The blast of sand hits the necrophage.
The necrophage is moderately damaged.
The necrophage barely misses you.
Casting: Sandblast (safe; 2% risk of failure)
Confirm with . or Enter, or press ? or * to list all spells.
Aiming: Sandblast (safe; 2% risk of failure)
Press: ? - help, Shift-Dir - straight line, f/p - necrophage
Aim: a necrophage (moderately damaged, 79% to hit)
The blast of sand hits the necrophage!
The necrophage is heavily damaged.
The necrophage hits you.
Casting: Sandblast (safe; 2% risk of failure)
Confirm with . or Enter, or press ? or * to list all spells.
Aiming: Sandblast (safe; 2% risk of failure)
Press: ? - help, Shift-Dir - straight line, f/p - necrophage
Aim: a necrophage (heavily damaged, 79% to hit)
The blast of sand hits the necrophage.
The necrophage is severely damaged.
The necrophage hits you.
* * * LOW HITPOINT WARNING * * *
You feel drained.
* * * LOW HITPOINT WARNING * * *
Casting: Sandblast (safe; 2% risk of failure)
Confirm with . or Enter, or press ? or * to list all spells.
Aiming: Sandblast (safe; 2% risk of failure)
Press: ? - help, Shift-Dir - straight line, f/p - necrophage
Aim: a necrophage (severely damaged, 79% to hit)
The blast of sand hits the necrophage!
The necrophage is almost destroyed.
The necrophage hits you!
You die...

######.# #...... #
##.#.$.. .#.
#######....##.#####...
#.......#..# ........#
#.#####...###.........
#.# ##....##...... #.#
#....##...#.# #.#
##..@##.....# #<##
##.#n).....# #..#
#.#.##..#.# ##.# #.#.#
..# # #.# #.#.# ....
#.# #.#.# #.#.# #.#
#.#.# .#.# #.# #.#.#
#. . #.# #.#


You could see a necrophage.

Vanquished Creatures
  An ogre (D:3)
  Robin (D:2)
  6 adders
  2 dart slugs
  5 orcs (D:3)
  5 bats
  2 endoplasms (D:1)
  3 giant cockroaches
  12 hobgoblins
  2 jackals (D:1)
  3 quokkas (D:2)
  11 ball pythons
  5 frilled lizards
  14 goblins
  5 kobolds
  8 rats
85 creatures vanquished.

Vanquished Creatures (others)
  A fungus (D:1)
1 creature vanquished.

Grand Total: 86 creatures vanquished

Notes
Turn   | Place    | Note
-------+----------+-------------------------------------------
     0 | D:1      | Crownlay the Octopode Earth Elementalist began the quest
                  | for the Orb.
     0 | D:1      | Reached XP level 1. HP: 11/11 MP: 3/3
   333 | D:1      | Reached XP level 2. HP: 18/18 MP: 5/5
   612 | D:1      | Found a faded altar of an unknown god.
   742 | D:1      | Reached XP level 3. HP: 21/22 MP: 6/6
   746 | D:1      | Learned a level 3 spell: Stone Arrow
  1244 | D:1      | Reached skill level 1 in Fighting
  1244 | D:1      | Reached skill level 1 in Conjurations
  1799 | D:2      | Reached XP level 4. HP: 27/28 MP: 6/8
  1871 | D:2      | Noticed Robin
  1891 | D:2      | Killed Robin
  2596 | D:3      | Reached XP level 5. HP: 34/34 MP: 5/10
  2799 | D:3      | Noticed an ogre
  2823 | D:3      | Killed an ogre
  3139 | D:3      | Found a broken altar of Ashenzari.
  3145 | D:3      | Reached XP level 6. HP: 39/39 MP: 11/11
  3814 | D:4      | Slain by a necrophage

Illustrated notes

Levels and vault maps discovered:
D:1:      grunt_arrival_lava_bath, layout_loops_corners,
          dreamdust_ecumenical_altar_grove, serial_co_window_serial,
          co_window_corner_a, co_window_cross_1, co_window_corner_a,
          co_window_paths_a, co_window_paths_a, co_window_2corner,
          co_window_paths_c, co_window_paths_c, co_window_paths_e
D:2:      layout_loops_ring, uniq_robin
D:3:      minmay_skewed_foursquare, layout_loops_corners,
          nicolae_overflow_crystal_walls, kennysheep_nondescript
D:4:      layout_loops_ring, uniq_pikel, uniq_crazy_yiuf_cottage

Skill      XL: |  1  2  3  4  5 |
---------------+----------------+-----
Fighting       | 1 2 |  2.3
Conjurations   | 1 2 |  2.2
Spellcasting   | 3 |  3.9
Dodging        | |  2.0
Stealth        | |  2.6
Transmutations | |  1.0
Earth Magic    | |  3.9

Action                   |  1- 3 |  4- 6 || total
-------------------------+-------+-------++-------
Melee: Dagger            |    66 |    48 ||   114
       Tentacles         |    19 |    13 ||    32
       Unarmed           |     5 |       ||     5
       Constrict         |    17 |    14 ||    31
       Punch             |     1 |       ||     1
 Cast: Sandblast         |     4 |    45 ||    49
  Use: Scroll            |       |     5 ||     5
       Potion            |       |     1 ||     1
 Stab: Sleeping          |    10 |     4 ||    14
Armor: Skin              |       |     1 ||     1
Dodge: Dodged            |    40 |    51 ||    91

Table legend: (Time is in decaauts)
 A = Elapsed time spent in this place.
 B = Non-inter-level travel time spent in this place.
 C = Inter-level travel time spent in this place.
 D = Time resting spent in this place.
 E = Time spent auto-exploring this place.
 F = Levels seen in this place.
 G = Mean time per level.
                   A        B        C        D        E       F      G
               +--------+--------+--------+--------+--------+-----+--------+
         Total |   3811 |   3700 |    111 |      0 |   3105 |   4 |  952.8 |
       Dungeon |   3811 |   3700 |    111 |      0 |   3105 |   4 |  952.8 |
               +--------+--------+--------+--------+--------+-----+--------+

Top non-repeatable levels by time:
     D:1: 1319 daAuts
     D:3: 1228 daAuts
     D:2: 1220 daAuts
     D:4: 42 daAuts
